[Event "36th Belgrade Trophy 2023"]
[Site "Belgrade"]
[Date "2023.11.28"]
[Round "4.1"]
[White "Antic, Dejan"]
[Black "Nenezic, Marko"]
[Result "1/2-1/2"]
[ECO "E94"]
[WhiteElo "2362"]
[BlackElo "2499"]
[Annotator "TA"]
[PlyCount "93"]
[EventDate "2023.10.23"]
[EventType "swiss"]
[EventCountry "SRB"]
[SourceTitle "playchess.com"]
[Source "ChessBase"]
[SourceQuality "1"]
[TimeControl "40/5400+30:900+30"]

1. d4 Nf6 2. c4 d6 3. Nf3 g6 4. Nc3 Bg7 5. e4 O-O 6. Be2 e5 7. O-O Bg4 8. d5 a5 9. Bg5 {[%emt 0:00:58] E94: King's Indian: Classical: 6 Be2 e5 7 0-0: Various Black 7th moves.} Na6 10. Nd2 Bd7 11. a3 {[%emt 0:02:04] White is slightly better.} h6 12. Bh4 Qe8 {[%emt 0:05:35] [#]} 13. Nb5 $146 ({Predecessor:} 13. b3 Nh7 14. Qc2 f5 15. f3 f4 16. Bf2 h5 17. b4 g5 18. Rfb1 g4 19. Bh4 {1-0 Lock,G (2182)-Radovanovic,J (2329) Portsmouth op 2005 (5)}) 13... Nh7 (13... g5 $5 14. Bg3 Qb8 $11) 14. Kh1 Bf6 15. Bxf6 Nxf6 16. b4 Qe7 17. Rb1 axb4 18. axb4 c5 19. dxc6 bxc6 20. Nc3 Rfb8 21. b5 Nc5 22. f3 Nh5 23. Nb3 Nf4 24. Nxc5 dxc5 25. g3 Ne6 26. Qd2 h5 (26... Kg7 $15) 27. h4 (27. b6 Nd4 28. Rb2 (28. b7 $2 Ra7 $19) 28... Ra3 $15) (27. f4 $1 $14) 27... Nd4 $15 28. Rf2 Be6 29. Bf1 cxb5 30. cxb5 ({White should play} 30. Nxb5 Qd8 31. Qd1) 30... c4 (30... Ra3 $142 31. f4 c4) 31. f4 {[%emt 0:00:00] [#]} Rd8 (31... Ra3 $1 $17 {Strongly threatening ...Rd8.} 32. Bg2 Nb3) 32. fxe5 $11 Qc5 {[%emt 0:00:00][%cal Od4f3] ...Nf3! is the strong threat.} (32... Ra3 $5 33. Qe3 Qc5 $11) 33. Qf4 {[%emt 0:00:00] Inhibits Nf3.} ({Don't go for} 33. b6 $2 Nf3 34. Qb2 Rd2 35. Rxf3 (35. Rxd2 $2 Qg1#) (35. b7 {leads to mate.} Qxf2 36. bxa8=Q+ Kh7) 35... Rxb2 36. Rxb2 Qxe5 $19) 33... Ra3 {[%emt 0:00:00] [#]} 34. Nd5 Bxd5 (34... Nxb5 $2 35. Nf6+ (35. Qf6 Rf8 $11) 35... Kf8 36. Nh7+ Kg7 37. Ng5 $18) (34... Rxd5 {is interesting.} 35. exd5 Bxd5+ 36. Bg2 Bxg2+ 37. Kxg2 Qd5+) (34... Rxd5 35. exd5) 35. exd5 Qxd5+ 36. Bg2 Qe6 37. Kh2 (37. b6 $14 Nf5 38. b7) 37... Rb3 (37... Nf5 $11 38. Bh3 Rdd3 39. Bxf5 gxf5) 38. Rd1 ({White should try} 38. Rxb3 $16 cxb3 39. b6) 38... Rd3 {[%emt 0:00:06] The position is equal.} 39. Rxd3 cxd3 40. b6 Ne2 (40... Qxb6 $2 41. Qxf7+ Kh8 42. Rf6 $18) 41. Qg5 Qxb6 {[%emt 0:06:18] White must now prevent ...d2.} 42. Rf6 Qg1+ 43. Kh3 {[%emt 0:00:06] White wants to mate with e6. Really sharp!} Qd4 44. Rxg6+ {[%emt 0:02:45][%mdl 64] Demolition} fxg6 45. Qxg6+ Kf8 {[%emt 0:00:36] ( -> ...Qg4+)} 46. Qf6+ Kg8 {[%emt 0:00:06] aiming for ...Qg4+.} 47. Qg6+ {[%emt 0:00:49] An exciting game.   Weighted Error Value: White=0.19 (very precise) /Black=0.19 (very precise)} 1/2-1/2

[Event "36th Belgrade Trophy 2023"]
[Site "Belgrade"]
[Date "2023.11.28"]
[Round "4.3"]
[White "Mezentsev, Ivan"]
[Black "Bryakin, Mikhail"]
[Result "0-1"]
[ECO "D41"]
[WhiteElo "2362"]
[BlackElo "2478"]
[Annotator "TA"]
[PlyCount "86"]
[EventDate "2023.10.23"]
[EventType "swiss"]
[EventCountry "SRB"]
[SourceTitle "playchess.com"]
[Source "ChessBase"]
[SourceQuality "1"]
[TimeControl "40/5400+30:900+30"]

1. d4 Nf6 2. c4 e6 3. Nf3 d5 4. Nc3 c5 5. cxd5 Nxd5 6. e4 Nxc3 7. bxc3 cxd4 8. cxd4 Bb4+ 9. Bd2 Bxd2+ 10. Qxd2 O-O 11. Rc1 Nd7 {[%emt 0:01:06] D41: Queen's Gambit Declined: Semi-Tarrasch with 5 cxd5.} 12. Bd3 b6 13. O-O Bb7 {[%emt 0:00:31] The position is equal.} 14. Qf4 h6 15. h4 Rc8 16. Rxc8 Qxc8 17. Rc1 Qa8 {[%emt 0:03:53] [#]} 18. Bb5 $146 ({Predecessor:} 18. Nd2 Nf6 19. e5 Nd5 20. Qe4 Nf6 21. Qe1 Nd5 22. Ne4 Nf4 23. Bb1 Rc8 24. Rxc8+ Qxc8 {½-½ Pridorozhni,A (2574)-Anikonov,D (2382) Khanty-Mansiysk Governor Cup 14th 2018 (1)}) 18... Nf6 19. d5 $1 exd5 20. e5 Ne4 21. Rc7 (21. Nd4 $11 {remains equal.}) 21... Nc5 $1 $36 {[%emt 0:05:02][%mdl 2048] White must now prevent ...Ne6. Black is on the roll.} 22. Nd4 (22. Bd7 $142 Qd8 23. e6 fxe6 24. Qe5) 22... Qd8 23. e6 fxe6 ({Much worse is} 23... Nxe6 24. Nxe6 fxe6 25. Qe5 $11) 24. Qg3 Rf7 ({Black should play} 24... Qf6 25. Nxe6 Nxe6 26. Rxb7 Nc5) 25. Rxf7 Kxf7 26. h5 a6 (26... Kg8 $15) 27. Qg6+ $2 {[%emt 0:01:56] Now White is beyond hope.} (27. Be2 $1 $11 {and White stays safe.}) 27... Kf8 $19 28. Qh7 {[%emt 0:01:32] [#] aiming for Qh8+.} Qe7 $1 ({Inferior is} 28... axb5 29. Qh8+ Ke7 30. Qxg7+ Ke8 31. Qh8+ Kd7 32. Qxh6) 29. Qh8+ Kf7 30. Nf3 $2 (30. Bc6 Bxc6 31. Nxc6) 30... axb5 {[%emt 0:04:59] Black is clearly winning.} 31. Ne5+ Kf6 32. Qb8 {[%emt 0:00:01] [#]} Nd7 $1 33. Ng4+ Kg5 34. Qg3 Kxh5 35. Ne3 g5 36. Ng4 Qf8 37. Qc7 Kxg4 38. Qxd7 Bc8 39. Qh7 Kf4 40. Qc7+ Kf5 41. Qc3 Kg6 42. Qc2+ Kg7 {[%emt 0:00:00] ...Qc5 is the strong threat.} 43. Qc7+ Kg8 {[%emt 0:00:00] Weighted Error Value: White=0.53/Black=0.14 (very precise)} 0-1

[Event "36th Belgrade Trophy 2023"]
[Site "Belgrade"]
[Date "2023.11.28"]
[Round "4.4"]
[White "Kilic, Eray"]
[Black "Liu, Zexu"]
[Result "1/2-1/2"]
[ECO "C47"]
[WhiteElo "2446"]
[BlackElo "2286"]
[Annotator "TA"]
[PlyCount "94"]
[EventDate "2023.10.23"]
[EventType "swiss"]
[EventCountry "SRB"]
[SourceTitle "playchess.com"]
[Source "ChessBase"]
[SourceQuality "1"]
[TimeControl "40/5400+30:900+30"]

1. e4 e5 2. Nf3 Nc6 3. Nc3 Nf6 4. h3 d5 5. exd5 Nxd5 6. Bb5 {[%emt 0:00:04] C47: Scotch Four Knights and Four Knights with 4 g3.} Nxc3 7. bxc3 Bd6 8. d4 exd4 9. O-O (9. Qxd4 O-O 10. Bxc6 bxc6 $15) 9... O-O (9... dxc3 {with more complications.} 10. Bg5 Qd7 11. Re1+ Kf8) 10. cxd4 Bf5 11. Bg5 f6 12. Be3 {[%emt 0:03:22] [#]} Kh8 $146 ({Predecessor:} 12... Ne7 13. c4 c6 14. Ba4 Kh8 15. Nh4 Qd7 16. Qf3 Bd3 17. Rfc1 g5 18. Bd2 Bxc4 19. Rxc4 {1-0 Ibarra Jerez,J (2563)-Parvanyan,A (2431) Titled Tuesday intern op 02nd May Late blitz 2023 (1)}) 13. d5 Ne7 14. c4 c6 (14... a6 $5 15. Ba4 b5 16. cxb5 Nxd5 $15) 15. dxc6 bxc6 16. c5 Be5 17. Nxe5 cxb5 18. Nf3 Nc6 19. Qb3 Qd3 20. Rfd1 Qxb3 21. axb3 a5 22. Rd6 Rfc8 23. Nd4 Nxd4 24. Bxd4 a4 25. bxa4 bxa4 26. g4 Bg6 27. g5 fxg5 28. Rd7 Rg8 29. Re1 {[%emt 0:00:09] Strongly threatening Ree7.} a3 30. c6 Be8 31. Rxg7 Rxg7 32. Re7 {[%emt 0:00:09][%mdl 64] [#] Pin} a2 $1 33. Ba1 {[%emt 0:00:03][%mdl 64] [#] Pin} ({But not} 33. Bxg7+ Kg8 34. c7 Bf7 $17) 33... Kg8 34. Rxg7+ $15 {[%emt 0:00:05][%mdl 4096] Endgame KRB-KRB} Kf8 35. c7 Rc8 36. Kh2 Bf7 37. Rxg5 Rxc7 38. Ra5 h5 ({Better is} 38... Rb7 $17 39. f4 Ke7) 39. Kg3 $11 Ke7 40. Be5 Rb7 41. f4 Be6 (41... Kd7 $5 ) 42. Kh4 {[%emt 0:01:12] The position is equal.} (42. f5 {simplifies} Bxf5 43. Rxa2 Rb3+ 44. Kh4) 42... Rb3 43. Ra7+ Ke8 44. Kxh5 Rxh3+ 45. Kg6 Rf3 46. Kf6 Bc4 47. Kf5 Rf1 {[%emt 0:01:10] An interesting game.   Weighted Error Value: White=0.03 (flawless) /Black=0.05 (flawless)} 1/2-1/2

[Event "36th Belgrade Trophy 2023"]
[Site "Belgrade"]
[Date "2023.11.28"]
[Round "4.5"]
[White "Enkhnar, Enkhbaatar"]
[Black "Blagojevic, Dragisa"]
[Result "0-1"]
[ECO "E04"]
[WhiteElo "2327"]
[BlackElo "2438"]
[Annotator "TA"]
[PlyCount "90"]
[EventDate "2023.10.23"]
[EventType "swiss"]
[EventCountry "SRB"]
[SourceTitle "playchess.com"]
[Source "ChessBase"]
[SourceQuality "1"]
[TimeControl "40/5400+30:900+30"]

1. Nf3 d5 2. d4 Nf6 3. c4 e6 4. g3 dxc4 5. Bg2 Nbd7 6. Qc2 {[%emt 0:00:30] E04: Open Catalan: 5 Nf3.} b5 7. a4 (7. Ne5 {looks sharper.} Nxe5 8. Bxa8 Qxd4 9. Be3) 7... c6 {[%emt 0:00:30] [#]} (7... Bb4+ 8. Bd2 a5 9. axb5 $14) 8. b3 $146 {[%emt 0:00:30] [#]} (8. axb5 $11 {keeps the balance.} cxb5 9. Nh4) ({Predecessor:} 8. O-O Be7 9. b3 cxb3 10. Qxc6 Rb8 11. axb5 Bb7 12. Qc3 Bd5 13. Qa5 O-O 14. Bb2 {1-0 Gorovets,A (2463)-Philippe,G (2362) Titled Tuesday intern op 18th Jul Early blitz 2023 (3)}) 8... Bb7 ({Black should play} 8... cxb3 $1 $17 9. Qxb3 b4) 9. bxc4 $11 bxc4 10. Nc3 (10. Qxc4 $11 c5 11. O-O) 10... Nd5 (10... c5 $5 11. Rb1 Bxf3 {[%mdl 64] Remove Defender} 12. Bxf3 cxd4 $17) 11. O-O Nb4 12. Qb1 a5 13. Rd1 Be7 14. Bf4 O-O 15. Ne4 Ba6 16. Qc1 (16. Neg5 Nf6 17. Ne4 Nxe4 18. Qxe4 c3 $17) 16... Nd5 17. Nc5 {[%emt 0:00:30] Black keeps a firm grip on the game.} Nxc5 $19 18. dxc5 Bxc5 19. Ne5 Qc7 {[%emt 0:00:30][%cal Og7g5] Strongly threatening ...g5!} 20. Bxd5 $2 (20. Nxc4 Qa7 21. e3) 20... cxd5 (20... exd5 $2 21. Ng6 Qa7 22. Nxf8 $19) 21. Ng6 Qa7 (21... Bxf2+ 22. Kg2 Qb6 23. Nxf8 Rxf8 24. e3 $17) 22. Nxf8 Rxf8 (22... Kxf8 $2 {loses.} 23. e3 $19) ({Worse is} 22... Bxf2+ 23. Kg2 Bc5 24. Nxe6 (24. Nxh7 $2 Kxh7 25. h3 d4 $19) 24... fxe6 25. Be5 $19) 23. Qc3 Bxf2+ {[%emt 0:00:00] This pair of bishops is nice.} 24. Kf1 Bb6 25. Be5 f6 26. Bd4 Bxd4 27. Qxd4 Qxd4 28. Rxd4 {[%emt 0:00:30][%mdl 4096] Endgame KRR-KRB} Rb8 29. Ke1 Rb4 30. Rdd1 $2 (30. e3) 30... c3 {[%emt 0:00:30] ...Rb2 would be deadly.} 31. Rdc1 d4 {[%emt 0:00:30] [#] Hoping for ...Rb2.} 32. Rcb1 d3 33. exd3 Bxd3 34. Rc1 c2 35. Ra3 Bf5 36. Kd2 h5 37. Rf1 Kh7 38. h4 $2 (38. Rc1) 38... Rb1 {[%emt 0:00:00] Black is clearly winning.} 39. Rc1 Kg6 40. Rf3 Rb4 41. Rf4 Be4 42. g4 e5 43. gxh5+ Kxh5 44. Rf2 Rxa4 45. Rg1 Kh6 {[%emt 0:00:53] Weighted Error Value: White=0.44/Black=0.15 (very precise)} (45... Kxh4 $2 46. Rh2#) ({Wrong is} 45... c1=R $2 46. Rxc1 f5 47. Rc7 $19) 0-1

[Event "36th Belgrade Trophy 2023"]
[Site "Belgrade"]
[Date "2023.11.28"]
[Round "4.6"]
[White "Atalik, Suat"]
[Black "Djokic, Nenad"]
[Result "1/2-1/2"]
[ECO "E42"]
[WhiteElo "2427"]
[BlackElo "2223"]
[Annotator "TA"]
[PlyCount "91"]
[EventDate "2023.10.23"]
[EventType "swiss"]
[EventCountry "SRB"]
[SourceTitle "playchess.com"]
[Source "ChessBase"]
[SourceQuality "1"]
[TimeControl "40/5400+30:900+30"]

1. d4 Nf6 2. c4 e6 3. Nc3 Bb4 4. e3 b6 5. Nge2 c5 6. a3 Ba5 7. Rb1 Na6 8. Ng3 Bb7 {[%emt 0:04:14] E42: Nimzo-Indian: Rubinstein: 4...c5 5 Ne2.} 9. f3 {[%emt 0:01:02] 9.Bd3 is not played anymore.} O-O 10. Bd3 cxd4 11. exd4 {[%emt 0:00:49] Threatens to win with b4.} Bxc3+ 12. bxc3 Nc7 {[%emt 0:06:48] [#]} 13. O-O $146 ({Predecessor:} 13. c5 Qc8 14. Bg5 Nfd5 15. Ne4 Ne8 16. c4 h6 17. Bd2 f5 18. Ng3 Ndf6 19. cxb6 axb6 20. Rxb6 {1-0 Mitev,V (2255)-Zelcic,R (2513) EU-ch 22nd Terme Catez 2022 (2)}) 13... d5 (13... Ba6 $11) 14. c5 ({White should try} 14. cxd5 $1 $14 Ncxd5 15. Bd2) 14... Ba6 $11 15. Bxa6 Nxa6 16. Qa4 Nc7 17. Bf4 Nce8 18. Rfd1 Qc8 19. Qb5 Nd7 {[%emt 0:00:00][%cal Rb6c5] Black is weak on the dark squares} 20. c4 dxc4 21. Ne4 Ndf6 ({Black should play} 21... Nc7 $11 22. Bxc7 (22. Qxc4 Nd5 $14) 22... Qxc7) 22. Qxc4 (22. Rdc1 {is interesting.} Nd5 23. Be5 f6 24. Bd6) 22... Nd5 23. Bd2 Qc6 24. Rdc1 Nef6 25. Bg5 Nd7 26. Qa6 Nc7 {[%emt 0:00:00] Excellent horsemanship.} 27. Qd3 {[%emt 0:00:00] And now cxb6 would win.} b5 28. Be7 Rfe8 29. Bd6 {[%emt 0:00:00] Bxc7 would be deadly.} a6 30. Bxc7 Qxc7 31. Nd6 Reb8 {[%emt 0:00:00] [#]} 32. f4 $1 {[%emt 0:00:00] f5 is the strong threat.} g6 33. Qf3 {[%emt 0:00:00] White has more active pieces. The black rooks are badly placed.} (33. Ne4 $16) 33... Nf6 34. g4 Ne8 ({Don't do} 34... Nd5 35. f5 $16) 35. Ne4 Rd8 36. Rd1 Qd7 37. Kg2 Qd5 38. Nc3 Qxf3+ 39. Kxf3 Nc7 40. a4 Rab8 41. axb5 axb5 42. Rb4 Na6 43. Rxb5 (43. Rb3 $1 $14) 43... Rxb5 {[%emt 0:00:00][%mdl 64] [#] Remove Defender. The position is equal.} 44. Nxb5 {[%emt 0:00:00] Strongly threatening Ra1.} Nxc5 45. Nc3 Na6 46. d5 {[%emt 0:00:00] Weighted Error Value: White=0.12 (very precise) /Black=0.12 (very precise)} 1/2-1/2

[Event "36th Belgrade Trophy 2023"]
[Site "Belgrade"]
[Date "2023.11.28"]
[Round "4.7"]
[White "Popchev, Milko"]
[Black "Bjelanovic, Mile"]
[Result "1-0"]
[ECO "B50"]
[WhiteElo "2244"]
[BlackElo "2033"]
[Annotator "NA RC"]
[PlyCount "87"]
[EventDate "2023.10.23"]
[EventType "swiss"]
[EventCountry "SRB"]
[SourceTitle "playchess.com"]
[Source "ChessBase"]
[SourceQuality "1"]
[TimeControl "40/5400+30:900+30"]

1. e4 c5 2. Nf3 d6 3. Be2 Nf6 4. d3 Nc6 5. O-O e5 6. c3 Be7 7. a3 a5 8. a4 O-O 9. Na3 h6 10. Re1 Nh7 11. Nd2 Ng5 12. Ndc4 Ne6 13. Bg4 Bg5 14. Nb5 Be7 15. Ne3 Nc7 16. Na3 Bg5 17. Nac4 Be6 18. Qf3 Ra6 19. g3 d5 20. exd5 Nxd5 21. Bxe6 fxe6 22. Qe2 Bxe3 23. Bxe3 Qe7 24. Qg4 Nxe3 25. Rxe3 Qf6 26. Qe2 Rd8 27. Re1 Qg6 28. Re4 Rd5 29. Qe3 Rd8 30. Re2 Raa8 31. Rd2 Rd5 32. Nxe5 Nxe5 33. Rxe5 Rad8 34. Rxe6 Qf5 35. Re8+ Rxe8 36. Qxe8+ Kh7 37. d4 cxd4 38. cxd4 b5 39. axb5 Rxb5 40. Qe2 a4 41. Kg2 Qd5+ 42. Qf3 Qd7 43. Qe4+ Kg8 44. d5 1-0

[Event "36th Belgrade Trophy 2023"]
[Site "Belgrade"]
[Date "2023.11.28"]
[Round "4.8"]
[White "Smolovic, Mile"]
[Black "Pap, Misa"]
[Result "0-1"]
[ECO "B34"]
[WhiteElo "2082"]
[BlackElo "2426"]
[Annotator "TA"]
[PlyCount "86"]
[EventDate "2023.10.23"]
[EventType "swiss"]
[EventCountry "SRB"]
[SourceTitle "playchess.com"]
[Source "ChessBase"]
[SourceQuality "1"]
[TimeControl "40/5400+30:900+30"]

1. e4 c5 2. Nc3 Nc6 3. Nge2 g6 4. d4 cxd4 5. Nxd4 Bg7 6. Nde2 Nf6 7. g3 b5 8. Bg2 {[%emt 0:00:23] B34: Sicilian: Accelerated Dragon with 5 Nc3: sidelines.} (8. Nxb5 Qa5+ 9. Nbc3 Nxe4 $17) 8... b4 $1 {[%emt 0:00:16][%mdl 4] is recently more successful than 8...Rb8.} 9. Nd5 e6 {[%emt 0:06:33] [#]} 10. Ndf4 $146 {[%emt 0:11:42] The position is equal.} (10. Ne3 $5 ) ({Predecessor:} 10. Ne3 Rb8 11. a3 O-O 12. O-O Re8 13. axb4 Rxb4 14. c4 Bb7 15. Nc3 Qb8 16. Nb5 {1-0 Fedorov,A (2569)-Kanovsky,D (2404) CZE-chT 1314 2013 (9.3)}) 10... Rb8 11. h3 d6 12. Be3 O-O 13. O-O Qc7 14. g4 a5 15. Rc1 Nd7 16. b3 Ba6 17. Re1 Nc5 18. Nd3 Ne5 {[%emt 0:11:54] Black is more active.} 19. f4 {[%emt 0:04:12] Black continues to play with concentration.} (19. Nxe5 $15 dxe5 20. Ng3 (20. c4 $2 Rbd8 $19)) 19... Nexd3 $19 20. cxd3 {[%emt 0:00:14] [#] Threatens to win with d4.} Qd7 21. Bxc5 dxc5 22. e5 Rfd8 {[%emt 0:03:19] Strongly threatening ...Qa7.} ({Worse is} 22... Bxd3 23. Qd2 $17) (22... Qxd3 23. Qxd3 Bxd3 24. Rxc5 $15) 23. Be4 Rbc8 ({Inferior is} 23... Bxd3 24. Bxd3 Qxd3 25. Qxd3 Rxd3 26. Rxc5 $17) 24. Rc2 c4 ({Weaker is} 24... Bxd3 25. Rd2 Bxe2 26. Rxd7 $17) 25. bxc4 {[%emt 0:02:23] [#]} Bxc4 $1 26. Nc1 (26. d4 b3) 26... Bb5 27. Kg2 Bf8 28. Rf2 Bc5 29. Rf3 Bd4 30. Rh1 Qc7 31. h4 Qc2+ 32. Kg3 Qxd1 33. Rxd1 Rc2 {[%emt 0:00:10] Against Ne2} 34. g5 $2 {[%emt 0:00:59] White is weak on the dark squares} (34. Rff1 {is a better defense.}) 34... a4 {[%emt 0:00:17] Black is clearly winning.} 35. h5 Rdc8 36. hxg6 hxg6 37. Rff1 Bb2 {[%emt 0:00:12] This pair of bishops is nice.} 38. d4 Rxc1 39. Rh1 Rxd1 40. Rxd1 Bc4 41. d5 exd5 42. Bxd5 b3 43. axb3 Bxb3 {[%emt 0:00:55] Weighted Error Value: White=0.76/Black=0.13 (very precise)} 0-1

[Event "36th Belgrade Trophy 2023"]
[Site "Belgrade"]
[Date "2023.11.28"]
[Round "4.9"]
[White "Chubakov, Sultan"]
[Black "Martic, Ivan"]
[Result "0-1"]
[ECO "A88"]
[WhiteElo "2079"]
[BlackElo "2292"]
[Annotator "RC"]
[PlyCount "86"]
[EventDate "2023.10.23"]
[EventType "swiss"]
[EventCountry "SRB"]
[SourceTitle "playchess.com"]
[Source "ChessBase"]
[SourceQuality "1"]
[TimeControl "40/5400+30:900+30"]

1. c4 f5 2. d4 d6 3. Nf3 Nf6 4. g3 g6 5. Bg2 Bg7 6. O-O O-O 7. Nc3 c6 8. Re1 Qc7 9. Qb3 Kh8 10. Bf4 Nh5 11. Qa3 Nxf4 12. gxf4 Nd7 13. Rad1 Nf6 14. e3 Bd7 15. c5 b5 16. cxd6 exd6 17. Qb3 a5 18. a4 b4 19. Ne2 Nd5 20. Qc2 Qd8 21. b3 h6 22. Nd2 g5 23. Nc4 Be8 24. h3 Bh5 25. f3 Ra7 26. Kh2 Re7 27. Qd2 Ree8 28. Ng3 Bg6 29. fxg5 hxg5 30. f4 Bh6 31. Bxd5 cxd5 32. Nb2 gxf4 33. exf4 Qh4 34. Rxe8 Rxe8 35. Nd3 Re4 36. Rg1 Bxf4 37. Qc2 Be3 38. Rg2 Re8 39. Qc7 Qf6 40. Qd7 Rd8 41. Qc7 f4 42. Nf5 Bxf5 43. Ne5 Rf8 0-1

[Event "36th Belgrade Trophy 2023"]
[Site "Belgrade"]
[Date "2023.11.28"]
[Round "4.10"]
[White "Besedes, Danilo"]
[Black "Petrusic, Velimir"]
[Result "1-0"]
[ECO "A90"]
[WhiteElo "2277"]
[BlackElo "2060"]
[Annotator "NA RC"]
[PlyCount "81"]
[EventDate "2023.10.23"]
[EventType "swiss"]
[EventCountry "SRB"]
[SourceTitle "playchess.com"]
[Source "ChessBase"]
[SourceQuality "1"]
[TimeControl "40/5400+30:900+30"]

1. d4 e6 2. c4 f5 3. g3 Nf6 4. Bg2 d5 5. Nf3 c6 6. O-O Bd6 7. Nbd2 O-O 8. Qc2 Ne4 9. Ne5 Nd7 10. Nd3 Qe7 11. Rb1 a5 12. Nf3 Kh8 13. Nfe5 Nxe5 14. dxe5 Bb8 15. Be3 Ba7 16. c5 Bd7 17. f3 Ng5 18. Qd2 Nf7 19. Qxa5 g5 20. Bd4 Rg8 21. Qc7 Bb8 22. Qxb7 Ra4 23. e3 f4 24. Qb3 Rc4 25. Rbc1 Rxc1 26. Rxc1 fxg3 27. hxg3 h5 28. Kf2 Kg7 29. Qb7 h4 30. g4 Rh8 31. b4 h3 32. Bxh3 Rxh3 33. Qxb8 Nh6 34. Kg2 Qf7 35. Rf1 Nxg4 36. fxg4 Rh2+ 37. Kxh2 Qxf1 38. Qd8 Qxd3 39. Qxd7+ Kf8 40. Qd8+ Kf7 41. Qf6+ 1-0

[Event "36th Belgrade Trophy 2023"]
[Site "Belgrade"]
[Date "2023.11.28"]
[Round "4.11"]
[White "Scekic, Veljko"]
[Black "Milicevic, Aleksa"]
[Result "1/2-1/2"]
[ECO "E09"]
[WhiteElo "2211"]
[BlackElo "2029"]
[Annotator "RC"]
[PlyCount "51"]
[EventDate "2023.10.23"]
[EventType "swiss"]
[EventCountry "SRB"]
[SourceTitle "playchess.com"]
[Source "ChessBase"]
[SourceQuality "1"]
[TimeControl "40/5400+30:900+30"]

1. Nf3 d5 2. c4 e6 3. g3 Nf6 4. Bg2 Be7 5. O-O O-O 6. b3 c6 7. Bb2 Nbd7 8. Qc2 b6 9. d4 Bb7 10. Nbd2 Rc8 11. e4 Rc7 12. Rac1 Ne8 13. Rfd1 Qa8 14. Qd3 c5 15. cxd5 exd5 16. exd5 Bxd5 17. Ne1 Bxg2 18. Nxg2 Bf6 19. Ne4 Bxd4 20. Bxd4 cxd4 21. Rxc7 Nxc7 22. Qxd4 Ne6 23. Qd5 Qxd5 24. Rxd5 Rd8 25. Ne3 Nb8 26. Rxd8+ 1/2-1/2

[Event "36th Belgrade Trophy 2023"]
[Site "Belgrade"]
[Date "2023.11.28"]
[Round "4.12"]
[White "Kijanovic, Igor"]
[Black "Gusev, Mikhail"]
[Result "0-1"]
[ECO "D46"]
[WhiteElo "2163"]
[BlackElo "2055"]
[Annotator "RC"]
[PlyCount "130"]
[EventDate "2023.10.23"]
[EventType "swiss"]
[EventCountry "SRB"]
[SourceTitle "playchess.com"]
[Source "ChessBase"]
[SourceQuality "1"]
[TimeControl "40/5400+30:900+30"]

1. Nf3 Nf6 2. c4 e6 3. Nc3 d5 4. d4 c6 5. e3 Nbd7 6. Qc2 Bd6 7. Bd3 O-O 8. O-O dxc4 9. Bxc4 e5 10. Rd1 Qc7 11. h3 h6 12. e4 b5 13. Be2 exd4 14. Nxd4 Re8 15. a3 a6 16. Be3 c5 17. Nf5 Bh2+ 18. Kh1 Nb6 19. Nd5 Nbxd5 20. exd5 Ne4 21. d6 Nxd6 22. Nxd6 Bxd6 23. Bf3 Rb8 24. b3 Be6 25. Bd5 c4 26. a4 Be5 27. Rac1 c3 28. axb5 Bxd5 29. Rxd5 Rxb5 30. Rcd1 Rxd5 31. Rxd5 Rd8 32. Rc5 Qd6 33. g3 Bf6 34. Kg2 Qd1 35. Qxd1 Rxd1 36. b4 Rb1 37. Rc4 Kf8 38. Kf3 Ke7 39. Ke4 Rd1 40. Rc7+ Ke6 41. Rc6+ Rd6 42. Rc4 Be5 43. g4 g5 44. Rc5 f6 45. Rc4 Rd1 46. Rc6+ Kd7 47. Rc4 Rh1 48. Bd4 Bxd4 49. Rxd4+ Ke7 50. Rc4 Rxh3 51. f3 f5+ 52. Kxf5 Rxf3+ 53. Kg6 Rh3 54. Rc6 Kd7 55. Rxa6 c2 56. Ra1 Kc6 57. Rc1 Rh2 58. Kg7 Kb5 59. Rxc2 Rxc2 60. Kxh6 Kxb4 61. Kxg5 Kc5 62. Kf6 Kd6 63. g5 Rf2+ 64. Kg7 Ke7 65. g6 Rg2 0-1

[Event "36th Belgrade Trophy 2023"]
[Site "Belgrade"]
[Date "2023.11.28"]
[Round "4.13"]
[White "Marjanovic, Ivan D"]
[Black "Zubova, Mariya"]
[Result "0-1"]
[ECO "C22"]
[WhiteElo "2057"]
[BlackElo "2157"]
[Annotator "NA RC"]
[PlyCount "64"]
[EventDate "2023.10.23"]
[EventType "swiss"]
[EventCountry "SRB"]
[SourceTitle "playchess.com"]
[Source "ChessBase"]
[SourceQuality "1"]
[TimeControl "40/5400+30:900+30"]

1. e4 e5 2. d4 exd4 3. Qxd4 Nc6 4. Qe3 d6 5. Nc3 Nf6 6. Bd2 g6 7. h4 Bg7 8. f3 h5 9. Bc4 Qe7 10. Nh3 Bxh3 11. Rxh3 Ne5 12. Bb3 Bh6 13. Qf2 Bxd2+ 14. Qxd2 O-O-O 15. O-O-O Kb8 16. Qg5 Rhe8 17. f4 Neg4 18. Rf3 Qd7 19. f5 Re5 20. Qf4 gxf5 21. exf5 Rde8 22. Nd5 Nxd5 23. Rxd5 Re1+ 24. Rd1 Qe7 25. Rf1 Re4 26. f6 Qf8 27. Qg5 Ne3 28. Qxh5 Nxf1 29. Rxf1 R8e5 30. Rf5 Rxf5 31. Qxf5 Qh6+ 32. Qg5 Rxh4 0-1

[Event "36th Belgrade Trophy 2023"]
[Site "Belgrade"]
[Date "2023.11.28"]
[Round "4.14"]
[White "Savic, Nemanja"]
[Black "Sovetbekova, Nurai"]
[Result "1/2-1/2"]
[ECO "B52"]
[WhiteElo "2136"]
[BlackElo "1801"]
[Annotator "NA RC"]
[PlyCount "77"]
[EventDate "2023.10.23"]
[EventType "swiss"]
[EventCountry "SRB"]
[SourceTitle "playchess.com"]
[Source "ChessBase"]
[SourceQuality "1"]
[TimeControl "40/5400+30:900+30"]

1. e4 c5 2. Nf3 d6 3. Bb5+ Bd7 4. Bxd7+ Qxd7 5. c4 Nf6 6. Nc3 g6 7. d4 cxd4 8. Nxd4 Bg7 9. f3 O-O 10. Be3 Nc6 11. O-O a6 12. Qd3 Rfc8 13. b3 b5 14. cxb5 Ne5 15. Qd2 d5 16. Nc6 Nxc6 17. bxc6 Rxc6 18. Nxd5 Nxd5 19. exd5 Rd6 20. Rad1 Rd8 21. Bc5 Rxd5 22. Qxd5 Qxd5 23. Rxd5 Rxd5 24. Be3 f5 25. Kf2 Kf7 26. Rc1 Rd6 27. Ke2 Bf6 28. b4 Ke8 29. a4 Bd4 30. Rd1 Bc3 31. Rxd6 exd6 32. Bd2 Be5 33. f4 Bf6 34. Kd3 d5 35. Bc3 Be7 36. Kd4 Bf6+ 37. Kd3 Be7 38. Kd4 Bf6+ 39. Kd3 1/2-1/2